[Event "41st Arco Open 2019"]
[Site "Arco"]
[Date "2019.10.08"]
[Round "5"]
[White "Petrov, Nikita"]
[Black "Favaloro, Andrea"]
[Result "1-0"]
[ECO "D35"]
[WhiteElo "2586"]
[BlackElo "2338"]
[Annotator "RC"]
[PlyCount "73"]
[EventDate "2019.10.04"]
[EventType "swiss"]
[EventCountry "ITA"]
[SourceTitle "playchess.com"]
[Source "ChessBase"]
[SourceQuality "1"]
[TimeControl "40/5400+30:1800+30"]

1. d4 Nf6 2. c4 e6 3. Nc3 d5 4. cxd5 exd5 5. Bg5 c6 6. e3 Nbd7 7. Bd3 Be7 8. h3 Ne4 9. Bf4 Ndf6 10. Qc2 Bd6 11. Bxd6 Nxd6 12. Nf3 g6 13. g4 Qe7 14. Nd2 Be6 15. O-O-O O-O-O 16. f3 Kb8 17. Kb1 Nd7 18. e4 dxe4 19. fxe4 Nb6 20. Nf3 Bc8 21. Qh2 Ka8 22. Rhe1 Ne8 23. d5 cxd5 24. exd5 Qf6 25. Ne5 Nd6 26. Rf1 Qg7 27. Ne4 Nxe4 28. Rxf7 Qh6 29. Bxe4 Qe3 30. Qf4 Qe2 31. Bf3 Qb5 32. Qd4 Be6 33. Rxb7 Kxb7 34. dxe6+ Ka6 35. Nd7 Nxd7 36. exd7 Qb6 37. Qa4+ 1-0

[Event "41st Arco Open 2019"]
[Site "Arco"]
[Date "2019.10.08"]
[Round "5"]
[White "Halkias, Stelios"]
[Black "Vezzosi, Paolo"]
[Result "1-0"]
[ECO "E14"]
[WhiteElo "2530"]
[BlackElo "2235"]
[Annotator "RC"]
[PlyCount "85"]
[EventDate "2019.10.04"]
[EventType "swiss"]
[EventCountry "ITA"]
[SourceTitle "playchess.com"]
[Source "ChessBase"]
[SourceQuality "1"]
[TimeControl "40/5400+30:1800+30"]

1. Nf3 Nf6 2. d4 e6 3. e3 b6 4. Bd3 Bb7 5. O-O Be7 6. c4 O-O 7. Nc3 d5 8. b3 Nbd7 9. Bb2 Re8 10. Qe2 c5 11. cxd5 exd5 12. Rfd1 Bd6 13. Rac1 Qe7 14. Ba6 Bxa6 15. Qxa6 Rad8 16. Ba3 Qe6 17. Nb5 Ne4 18. Nxd6 Qxd6 19. dxc5 Ndxc5 20. Qe2 Qg6 21. Bb2 Ng5 22. Nxg5 Qxg5 23. Qf3 Re4 24. Rc2 h5 25. Rcd2 Ne6 26. h3 h4 27. Kh1 Kf8 28. Rd3 Kg8 29. R3d2 Kf8 30. Qe2 d4 31. Qf3 Qd5 32. Bxd4 Nxd4 33. Rxd4 Rxd4 34. Rxd4 Qxf3 35. Rxd8+ Ke7 36. gxf3 Kxd8 37. Kg2 Ke7 38. f4 f5 39. Kf3 Ke6 40. Ke2 Kd5 41. Kd3 g6 42. f3 Kc5 43. a3 1-0

[Event "41st Arco Open 2019"]
[Site "Arco"]
[Date "2019.10.08"]
[Round "5"]
[White "Horvath, Jozsef"]
[Black "Lezzerini, Marco"]
[Result "1-0"]
[ECO "D40"]
[WhiteElo "2450"]
[BlackElo "2116"]
[Annotator "ChessBase"]
[PlyCount "111"]
[EventDate "2019.10.04"]
[EventType "swiss"]
[EventCountry "ITA"]
[SourceTitle "playchess.com"]
[Source "ChessBase"]
[SourceQuality "1"]
[TimeControl "40/5400+30:1800+30"]

1. d4 e6 2. Nf3 c5 3. e3 d5 4. c4 Nf6 5. cxd5 exd5 6. Nc3 a6 7. Be2 Be7 8. O-O O-O 9. b3 cxd4 10. Nxd4 Nc6 11. Bb2 Re8 12. Rc1 Bd6 13. Nxc6 bxc6 14. Na4 Bd7 15. Nc5 Ne4 16. Nxe4 Rxe4 17. Bf3 Re8 18. g3 Qe7 19. Qd4 f6 20. Rfd1 Be5 21. Qd2 Bxb2 22. Qxb2 f5 23. Qd4 a5 24. Rc5 g6 25. Qc3 Qg7 26. Rd4 g5 27. Rxa5 Rxa5 28. Qxa5 f4 29. Qd2 fxe3 30. fxe3 Rf8 31. Bg2 Bf5 32. b4 Kh8 33. a4 Qf6 34. Qf2 Qe7 35. Qd2 Qf6 36. Qb2 Kg8 37. Rd2 Qe6 38. Qd4 Bh3 39. Bxh3 Qxh3 40. Rd1 Qf5 41. Qd2 h6 42. b5 cxb5 43. axb5 Rd8 44. Qd4 Re8 45. b6 Rb8 46. Rf1 Qe4 47. Qxe4 dxe4 48. Rb1 Rb7 49. Kf2 Kf7 50. Ke2 Ke6 51. Kd2 Kd5 52. Kc3 Kc5 53. g4 Kd5 54. Rb5+ Kc6 55. Kc4 Kd6 56. Rf5 1-0

[Event "41st Arco Open 2019"]
[Site "Arco"]
[Date "2019.10.08"]
[Round "5"]
[White "Sarkar, Justin"]
[Black "Kuhn, Tobias"]
[Result "1/2-1/2"]
[ECO "C20"]
[WhiteElo "2350"]
[BlackElo "2234"]
[Annotator "ChessBase"]
[PlyCount "90"]
[EventDate "2019.10.04"]
[EventType "swiss"]
[EventCountry "ITA"]
[SourceTitle "playchess.com"]
[Source "ChessBase"]
[SourceQuality "1"]
[TimeControl "40/5400+30:1800+30"]

1. e4 e5 2. Qh5 d6 3. Bc4 g6 4. Qf3 Nf6 5. Nc3 c6 6. a4 Bg7 7. d3 Be6 8. Bxe6 fxe6 9. Qh3 Qe7 10. Nf3 Nbd7 11. Bh6 O-O 12. Bxg7 Kxg7 13. d4 exd4 14. Nxd4 Rae8 15. O-O e5 16. Nb3 Nh5 17. Qe3 a6 18. g3 Rf6 19. Rad1 Nf8 20. Rd2 Ne6 21. Rfd1 Rd8 22. a5 Rf7 23. h4 Qf8 24. Kg2 Qe7 25. Ne2 h6 26. c4 c5 27. Nc3 Nd4 28. Nd5 Qd7 29. Nxd4 cxd4 30. Qd3 Rdf8 31. f3 Rxf3 32. Qxf3 Rxf3 33. Kxf3 Qh3 34. Rg1 Nf6 35. Nxf6 Kxf6 36. Rf2 Ke6 37. Ke2 Qg4+ 38. Kd3 g5 39. hxg5 Qxg5 40. Rf3 Qh5 41. Rgf1 Qh2 42. R1f2 Qg1 43. Rf1 Qh2 44. R1f2 Qg1 45. Rf1 Qh2 1/2-1/2

[Event "41st Arco Open 2019"]
[Site "Arco"]
[Date "2019.10.08"]
[Round "5"]
[White "Molnar, Bela"]
[Black "Sorcinelli, Francesco"]
[Result "1-0"]
[ECO "B22"]
[WhiteElo "2305"]
[BlackElo "2065"]
[Annotator "ChessBase"]
[PlyCount "97"]
[EventDate "2019.10.04"]
[EventType "swiss"]
[EventCountry "ITA"]
[SourceTitle "playchess.com"]
[Source "ChessBase"]
[SourceQuality "1"]
[TimeControl "40/5400+30:1800+30"]

1. e4 c5 2. Nf3 Nc6 3. c3 d5 4. exd5 Qxd5 5. d4 cxd4 6. cxd4 Bg4 7. Nc3 Qa5 8. Bb5 O-O-O 9. Bxc6 bxc6 10. h3 Qh5 11. Rg1 Bxf3 12. gxf3 e5 13. Qa4 Qxf3 14. Rg3 Qh1+ 15. Ke2 Ne7 16. Rf3 exd4 17. Qa6+ Kd7 18. Ne4 Ke8 19. Nc5 Rd5 20. Qxa7 f6 21. Nd3 Rf5 22. Qb8+ Kf7 23. Qb3+ Nd5 24. Rxf5 Qe4+ 25. Be3 Qxf5 26. Bxd4 Bd6 27. Qb7+ Bc7 28. Qxc6 Re8+ 29. Be3 Qxd3+ 30. Kxd3 Nb4+ 31. Ke2 Nxc6 32. Rc1 Re6 33. b4 Bb6 34. a3 Bxe3 35. fxe3 f5 36. Rc5 g6 37. b5 Ne5 38. a4 g5 39. b6 f4 40. a5 f3+ 41. Kf1 g4 42. b7 g3 43. Rc7+ Kg6 44. b8=Q g2+ 45. Kg1 Rf6 46. Qg8+ Kf5 47. Rc5 Rg6 48. Qf7+ Rf6 49. Qh5+ 1-0

[Event "41st Arco Open 2019"]
[Site "Arco"]
[Date "2019.10.08"]
[Round "5"]
[White "Sedina, Elena"]
[Black "Felgendreher, Heiko"]
[Result "1-0"]
[ECO "B50"]
[WhiteElo "2294"]
[BlackElo "2196"]
[Annotator "ChessBase"]
[PlyCount "57"]
[EventDate "2019.10.04"]
[EventType "swiss"]
[EventCountry "ITA"]
[SourceTitle "playchess.com"]
[Source "ChessBase"]
[SourceQuality "1"]
[TimeControl "40/5400+30:1800+30"]

1. e4 c5 2. Nf3 d6 3. c3 Nf6 4. Be2 Nc6 5. d4 e6 6. e5 dxe5 7. dxe5 Qxd1+ 8. Bxd1 Nd5 9. O-O b6 10. Re1 Bb7 11. Bc2 h6 12. h4 Be7 13. Nbd2 Bd8 14. Nc4 Bc7 15. a4 O-O-O 16. Bd2 Ba6 17. Na3 Nde7 18. Bf4 Bd3 19. Bb3 Na5 20. Ba2 Nd5 21. Bg3 Rhg8 22. Rad1 Bf5 23. Nb5 Kb7 24. Bxd5+ Rxd5 25. Rxd5 exd5 26. e6 Bxg3 27. exf7 Bxf2+ 28. Kxf2 Rf8 29. Re7+ 1-0

[Event "41st Arco Open 2019"]
[Site "Arco"]
[Date "2019.10.08"]
[Round "5"]
[White "Glienke, Manfred"]
[Black "Zwahr, Paul"]
[Result "1/2-1/2"]
[ECO "A48"]
[WhiteElo "2235"]
[BlackElo "2282"]
[Annotator "RC"]
[PlyCount "53"]
[EventDate "2019.10.04"]
[EventType "swiss"]
[EventCountry "ITA"]
[SourceTitle "playchess.com"]
[Source "ChessBase"]
[SourceQuality "1"]
[TimeControl "40/5400+30:1800+30"]

1. d4 Nf6 2. Nf3 g6 3. Bf4 Bg7 4. e3 O-O 5. Bc4 d6 6. h3 Nbd7 7. O-O Qe8 8. Nc3 a6 9. a4 e5 10. dxe5 Nxe5 11. Bb3 Bd7 12. Re1 Nxf3+ 13. Qxf3 Bc6 14. e4 Nd7 15. Nd5 Qd8 16. c3 a5 17. Qg3 Be5 18. Bxe5 dxe5 19. Rad1 Bxd5 20. Rxd5 Qe7 21. h4 c6 22. Rd2 Nc5 23. Bc2 f6 24. Red1 Rad8 25. Qe3 Rxd2 26. Qxd2 Kg7 27. g3 1/2-1/2

[Event "41st Arco Open 2019"]
[Site "Arco"]
[Date "2019.10.08"]
[Round "5"]
[White "Pasini, Nicolo"]
[Black "Bonavoglia, Marco"]
[Result "1-0"]
[ECO "C45"]
[WhiteElo "2234"]
[BlackElo "1983"]
[Annotator "RC"]
[PlyCount "39"]
[EventDate "2019.10.04"]
[EventType "swiss"]
[EventCountry "ITA"]
[SourceTitle "playchess.com"]
[Source "ChessBase"]
[SourceQuality "1"]
[TimeControl "40/5400+30:1800+30"]

1. e4 e5 2. Nf3 Nc6 3. d4 exd4 4. Nxd4 Bc5 5. Nb3 Bb6 6. Nc3 Nf6 7. Qe2 d6 8. Be3 Be6 9. O-O-O Qe7 10. g3 Ne5 11. Bg2 Neg4 12. Bxb6 axb6 13. f4 b5 14. Qxb5+ c6 15. Qe2 Nd7 16. f5 Qg5+ 17. Nd2 Bxa2 18. h4 Qe3 19. Qxg4 Bc4 20. Qf3 1-0

[Event "41st Arco Open 2019"]
[Site "Arco"]
[Date "2019.10.08"]
[Round "5"]
[White "Schroeder, Wilfried"]
[Black "Cordara, Michele"]
[Result "1-0"]
[ECO "E14"]
[WhiteElo "2195"]
[BlackElo "1928"]
[Annotator "RC"]
[PlyCount "49"]
[EventDate "2019.10.04"]
[EventType "swiss"]
[EventCountry "ITA"]
[SourceTitle "playchess.com"]
[Source "ChessBase"]
[SourceQuality "1"]
[TimeControl "40/5400+30:1800+30"]

1. d4 Nf6 2. Nf3 e6 3. c4 b6 4. e3 Bb7 5. Bd3 d5 6. O-O Bd6 7. Nc3 Nbd7 8. Qc2 O-O 9. e4 dxe4 10. Nxe4 Nxe4 11. Bxe4 Bxe4 12. Qxe4 Nf6 13. Qe2 a5 14. Bg5 h6 15. Bh4 a4 16. Ne5 Bxe5 17. dxe5 Qd4 18. exf6 Qxh4 19. fxg7 Kxg7 20. Rad1 Ra5 21. Rd3 Rd8 22. Rg3+ Kf8 23. Rd1 Rxd1+ 24. Qxd1 Ke7 25. Rg8 1-0

[Event "41st Arco Open 2019"]
[Site "Arco"]
[Date "2019.10.08"]
[Round "5"]
[White "Leutwyler, Martin"]
[Black "Kostov, Kiril"]
[Result "1/2-1/2"]
[ECO "D23"]
[WhiteElo "2154"]
[BlackElo "1832"]
[Annotator "ChessBase"]
[PlyCount "104"]
[EventDate "2019.10.04"]
[EventType "swiss"]
[EventCountry "ITA"]
[SourceTitle "playchess.com"]
[Source "ChessBase"]
[SourceQuality "1"]
[TimeControl "40/5400+30:1800+30"]

1. d4 d5 2. Nf3 Nf6 3. c4 dxc4 4. Qa4+ c6 5. Qxc4 Bf5 6. g3 e6 7. Bg2 Nbd7 8. O-O Be7 9. Nc3 Nb6 10. Qb3 h6 11. Rd1 O-O 12. Ne5 Bh7 13. e4 a5 14. a4 Bb4 15. f3 Qc7 16. Be3 Nfd7 17. Nd3 Be7 18. Rac1 Rfc8 19. Bh3 Qd8 20. Ne5 Kf8 21. Rd2 Bb4 22. Nd3 Bd6 23. Nc5 Qe7 24. Nd3 Bb4 25. Rdd1 Ra6 26. Bf1 Ra7 27. Na2 Bd6 28. Bf2 Bc7 29. Rd2 Qf6 30. Bg2 Qd8 31. Bh3 Nf6 32. Nc3 Kg8 33. Rcd1 Rb8 34. Nc5 Kh8 35. Rc1 Bg8 36. Nd3 Ne8 37. Rcd1 Nf6 38. Kg2 Kh7 39. Nc5 Raa8 40. Kg1 Kh8 41. Bg2 Nbd7 42. Nxd7 Qxd7 43. d5 exd5 44. exd5 cxd5 45. Nxd5 Nxd5 46. Rxd5 Qe8 47. Re1 Qc6 48. Rc5 Qd6 49. Rd1 Qe7 50. Rb5 f6 51. Qc2 Bh7 52. Qb3 Bg8 1/2-1/2

[Event "41st Arco Open 2019"]
[Site "Arco"]
[Date "2019.10.08"]
[Round "5"]
[White "Heidel, Andre Nicolas"]
[Black "Horvath, Csaba"]
[Result "0-1"]
[ECO "A70"]
[WhiteElo "2140"]
[BlackElo "2503"]
[Annotator "ChessBase"]
[PlyCount "82"]
[EventDate "2019.10.04"]
[EventType "swiss"]
[EventCountry "ITA"]
[SourceTitle "playchess.com"]
[Source "ChessBase"]
[SourceQuality "1"]
[TimeControl "40/5400+30:1800+30"]

1. d4 Nf6 2. c4 e6 3. Nf3 c5 4. d5 d6 5. Nc3 exd5 6. cxd5 g6 7. e4 a6 8. a4 Bg4 9. Be2 Bxf3 10. gxf3 Nbd7 11. h4 Qe7 12. a5 Bg7 13. Ra3 O-O 14. Rb3 Rab8 15. Be3 h5 16. Bg5 Qd8 17. Qa1 Qc7 18. Kf1 Nh7 19. Bd2 c4 20. Rb4 Ne5 21. Qa4 Rfc8 22. Be3 Nf8 23. Bb6 Qe7 24. Qd1 Bh6 25. Ba7 Ra8 26. Be3 Bxe3 27. fxe3 Qc7 28. f4 Ned7 29. Qa4 Nc5 30. Qa2 Nb3 31. Ra4 Nd7 32. Kf2 Ndc5 33. Rxc4 Qe7 34. Rb4 Nd2 35. e5 dxe5 36. d6 Qxd6 37. Rd1 exf4 38. Rxf4 Ne6 39. Ne4 Nxe4+ 40. Rxe4 Qh2+ 41. Kf3 Rc2 0-1

[Event "41st Arco Open 2019"]
[Site "Arco"]
[Date "2019.10.08"]
[Round "5"]
[White "Klings, Peter"]
[Black "Qendro, Llambi"]
[Result "1-0"]
[ECO "A41"]
[WhiteElo "2116"]
[BlackElo "2312"]
[Annotator "RC"]
[PlyCount "61"]
[EventDate "2019.10.04"]
[EventType "swiss"]
[EventCountry "ITA"]
[SourceTitle "playchess.com"]
[Source "ChessBase"]
[SourceQuality "1"]
[TimeControl "40/5400+30:1800+30"]

1. Nf3 g6 2. c4 Bg7 3. d4 d6 4. Nc3 Bg4 5. e3 Nc6 6. Be2 e5 7. d5 Nce7 8. e4 Nf6 9. h3 Bxf3 10. Bxf3 h5 11. g4 hxg4 12. hxg4 Rxh1+ 13. Bxh1 Qd7 14. Bf3 Nfg8 15. Bg2 f6 16. g5 fxg5 17. Bxg5 O-O-O 18. Qf3 Rf8 19. Qe3 Kb8 20. Bh3 Qd8 21. Nb5 b6 22. Qa3 a5 23. b4 Kb7 24. bxa5 Qa8 25. a6+ Kb8 26. Rb1 Rd8 27. Be3 Nc8 28. a7+ Kb7 29. Bxc8+ Rxc8 30. Nxd6+ cxd6 31. Rxb6+ 1-0

[Event "41st Arco Open 2019"]
[Site "Arco"]
[Date "2019.10.08"]
[Round "5"]
[White "Pasti, Aron"]
[Black "Bifulco, Michel"]
[Result "0-1"]
[ECO "C70"]
[WhiteElo "2099"]
[BlackElo "2261"]
[Annotator "ChessBase"]
[PlyCount "118"]
[EventDate "2019.10.04"]
[EventType "swiss"]
[EventCountry "ITA"]
[SourceTitle "playchess.com"]
[Source "ChessBase"]
[SourceQuality "1"]
[TimeControl "40/5400+30:1800+30"]

1. e4 e5 2. Nf3 Nc6 3. Bb5 g6 4. c3 a6 5. Ba4 Bg7 6. d4 exd4 7. cxd4 b5 8. Bc2 d5 9. O-O Bg4 10. exd5 Bxf3 11. Qxf3 Nxd4 12. Qe4+ Ne7 13. Bg5 Nxc2 14. Qxc2 O-O 15. Rd1 h6 16. Bh4 Qd7 17. Nc3 Nf5 18. Bg3 Nd4 19. Qd3 Rfe8 20. a3 c5 21. dxc6 Qxc6 22. Re1 Rad8 23. Rad1 Kh7 24. Rxe8 Rxe8 25. f3 Rd8 26. Bf2 a5 27. Qf1 b4 28. axb4 axb4 29. Nb5 Nxf3+ 30. gxf3 Rxd1 31. Qxd1 Qxb5 32. b3 Bc3 33. Qd6 Qg5+ 34. Kh1 h5 35. Qd7 Qf4 36. Qd5 h4 37. Qe4 Qxe4 38. fxe4 h3 39. Be3 Kg7 40. Kg1 Kf6 41. Bf4 Bd4+ 42. Kh1 Ke6 43. Bd2 Bc5 44. Bf4 Bd6 45. Be3 Ke5 46. Bc5 Ke6 47. Bd4 Be5 48. Bf2 Bc3 49. Bg3 f5 50. exf5+ gxf5 51. Kg1 Kd5 52. Kf1 Be5 53. Be1 Bd6 54. Kf2 Ke4 55. Ke2 f4 56. Kf2 f3 57. Kg1 Ke3 58. Kh1 Ke2 59. Bh4 Bxh2 0-1

[Event "41st Arco Open 2019"]
[Site "Arco"]
[Date "2019.10.08"]
[Round "5"]
[White "Cardili, Mariano"]
[Black "Scheftlein, Richard"]
[Result "0-1"]
[ECO "E54"]
[WhiteElo "2079"]
[BlackElo "2236"]
[Annotator "ChessBase"]
[PlyCount "126"]
[EventDate "2019.10.04"]
[EventType "swiss"]
[EventCountry "ITA"]
[SourceTitle "playchess.com"]
[Source "ChessBase"]
[SourceQuality "1"]
[TimeControl "40/5400+30:1800+30"]

1. d4 Nf6 2. c4 e6 3. Nc3 Bb4 4. e3 O-O 5. Bd3 d5 6. Nf3 c5 7. O-O cxd4 8. exd4 dxc4 9. Bxc4 b6 10. Bg5 Bb7 11. Ne5 Nc6 12. Nxc6 Bxc6 13. Qb3 Bxc3 14. bxc3 Qd6 15. Bxf6 gxf6 16. Rfd1 b5 17. Be2 Rab8 18. Rd3 Bd5 19. Qb2 Kh8 20. Rg3 Rg8 21. Qd2 Rxg3 22. hxg3 Kg7 23. Bf3 Bxf3 24. gxf3 Qc6 25. Kg2 Qd5 26. a4 bxa4 27. Rxa4 Rb1 28. Rb4 Rxb4 29. cxb4 Qc4 30. f4 Kf8 31. Qb2 Ke7 32. b5 Kd7 33. b6 Qc6+ 34. Kg1 axb6 35. Qb1 f5 36. Qd1 Qd5 37. Qh5 Ke8 38. Qxh7 Qxd4 39. Qg8+ Ke7 40. Qb8 Qd1+ 41. Kh2 Qd6 42. Qb7+ Kf8 43. Qc8+ Kg7 44. Qc3+ Kg8 45. Qc8+ Kh7 46. Qe8 Kg7 47. Kg1 Qd1+ 48. Kg2 Qd5+ 49. Kg1 Qd1+ 50. Kg2 Qd5+ 51. Kg1 b5 52. Qe7 Qd1+ 53. Kg2 Qd4 54. Qc7 b4 55. Qb8 Qd5+ 56. Kh2 b3 57. Qb4 Qd3 58. Qb8 Qc3 59. Qd8 Qf6 60. Qb8 b2 61. Qb6 Qc3 62. Qd8 Qf6 63. Qb8 Qd4 0-1

[Event "41st Arco Open 2019"]
[Site "Arco"]
[Date "2019.10.08"]
[Round "5"]
[White "Voelker, Sebastian"]
[Black "De Santis, Alessio"]
[Result "0-1"]
[ECO "B41"]
[WhiteElo "2074"]
[BlackElo "2178"]
[Annotator "ChessBase"]
[PlyCount "72"]
[EventDate "2019.10.04"]
[EventType "swiss"]
[EventCountry "ITA"]
[SourceTitle "playchess.com"]
[Source "ChessBase"]
[SourceQuality "1"]
[TimeControl "40/5400+30:1800+30"]

1. e4 c5 2. Nf3 e6 3. d4 cxd4 4. Nxd4 a6 5. Be2 Nf6 6. Bf3 Qc7 7. O-O Be7 8. Nc3 d6 9. a4 Nbd7 10. Nb3 O-O 11. Bf4 Ne5 12. a5 Bd7 13. Bxe5 dxe5 14. Re1 Rfd8 15. Re3 Ba4 16. Qf1 Bxb3 17. cxb3 Bb4 18. g4 Bxa5 19. g5 Nd7 20. Bg4 Bb6 21. Rf3 Nf8 22. h4 Rd2 23. Qh3 Qe7 24. Rf1 Rad8 25. Qg3 Bd4 26. Nd1 Ng6 27. Bh5 Nf4 28. Rxf4 exf4 29. Qxf4 Rc2 30. e5 g6 31. Bf3 Qc7 32. Re1 Rc5 33. h5 Bxe5 34. Qh4 Bf4 35. hxg6 Rxg5+ 36. Kh1 hxg6 0-1

[Event "41st Arco Open 2019"]
[Site "Arco"]
[Date "2019.10.08"]
[Round "5"]
[White "Palczert, Matyas"]
[Black "Ager, Josef"]
[Result "0-1"]
[ECO "B06"]
[WhiteElo "2009"]
[BlackElo "2154"]
[Annotator "ChessBase"]
[PlyCount "110"]
[EventDate "2019.10.04"]
[EventType "swiss"]
[EventCountry "ITA"]
[SourceTitle "playchess.com"]
[Source "ChessBase"]
[SourceQuality "1"]
[TimeControl "40/5400+30:1800+30"]

1. e4 g6 2. d4 Bg7 3. Nc3 a6 4. f4 b5 5. a3 e6 6. Nf3 Ne7 7. Be2 d5 8. e5 Nd7 9. Be3 Nf5 10. Bf2 h5 11. O-O Bf8 12. Bd3 c5 13. Bxf5 gxf5 14. dxc5 Nxc5 15. b4 Ne4 16. Nxe4 fxe4 17. Bh4 Qb6+ 18. Nd4 Bd7 19. Bf2 Qc7 20. Nb3 Bc6 21. Bc5 Bxc5+ 22. Nxc5 a5 23. Qd4 axb4 24. f5 bxa3 25. fxe6 fxe6 26. Rf6 Bd7 27. Raf1 Qa7 28. Rf7 Rc8 29. Nxe6 Qxd4+ 30. Nxd4 Rc4 31. e6 Rxd4 32. Rxd7 e3 33. Ra7 e2 34. Re1 Rf8 35. Ra8+ Ke7 36. Ra7+ Kxe6 37. Rxa3 Re4 38. Rf3 Rc8 39. c3 Kd6 40. Kf2 Rce8 41. g3 Kc5 42. Rf7 Kc4 43. Rf3 b4 44. cxb4 d4 45. Rc1+ Kxb4 46. Rb1+ Kc4 47. Rc1+ Kd5 48. Ke1 R8e5 49. Ra1 Re3 50. Rxe3 Rxe3 51. Kd2 Ke4 52. Re1 Kf3 53. Rg1 Kf2 54. Re1 d3 55. h3 Rxg3 0-1